 Dungeon Crawl Stone Soup version 0.26-a0-651-gb411850 (webtiles) character file.

Game seed: 14523224900592381953

37 TheGoonsmith the Sneak (level 3, 0/16 HPs)
             Began as a Vine Stalker Enchanter on Sept 27, 2020.
             Slain by a jackal (1 damage)
             ... on level 2 of the Dungeon.
             The game lasted 00:01:26 (536 turns).

TheGoonsmith the Sneak (Vine Stalker Enchanter)      Turns: 536, Time: 00:01:26

Health: 0/16       AC:  2    Str: 10    XL:     3   Next: 39%
Magic:  0/7        EV: 12    Int: 15    God:
Gold:   54         SH:  0    Dex: 15    Spells: 0/6 levels left

rFire    . . .     SeeInvis .   c - +1 dagger (venom)
rCold    . . .     Faith    .   (no shield)
rNeg     . . .     Spirit   +   b - +0 robe
rPois    .         Reflect  .   (no helmet)
rElec    .         Harm     .   (no cloak)
rCorr    .         Rampage  .   (no gloves)
MR       .....                  (no boots)
Stlth    +++.......             (no amulet)
HPRegen  0.05/turn              (no ring)
MPRegen  0.10/turn              (no ring)

@: lethally poisoned (0 -> -5)
A: fangs 2, magic shield, antimagic bite, no potion heal 3, rot immunity
a: no special abilities


You were on level 2 of the Dungeon.
You visited 1 branch of the dungeon, and saw 2 of its levels.

You collected 54 gold pieces.

Inventory:

Hand Weapons
 a - a +1 dagger
 c - a +1 dagger of venom (weapon)
Armour
 b - a +0 robe (worn)
Jewellery
 e - an uncursed amulet of guardian spirit {unknown}
Scrolls
 d - a scroll of teleportation {unknown}
 f - a scroll of magic mapping {unknown}
 g - 2 scrolls of identify {unknown}


   Skills:
 * Level 1.9 Short Blades
 + Level 1.9 Dodging
 + Level 4.0 Stealth
 - Level 2.1 Spellcasting
 + Level 3.3 Hexes


You couldn't memorise any spells.
You knew the following spells:

 Your Spells              Type           Power        Failure   Level
a - Corona                Hex            ##.....      5%          1
b - Ensorcelled Hibernat  Hex/Ice        #.....       17%         2
c - Confusing Touch       Hex            ##......     17%         3

Your spell library contained the following spells:

 Spells                   Type           Power        Failure   Level
 Tukima's Dance           Hex            ##......     17%         3
 Dazzling Flash           Conj/Hex       #.....       32%         3


Dungeon Overview and Level Annotations

Branches:
Dungeon (2/15)

Altars:

Annotations:
D:2 Natasha


Innate Abilities, Weirdness & Mutations

You have extremely sharp teeth.
When hurt, damage is shared between your health and your magic reserves.
Your bite disrupts and absorbs the magic of your enemies.
Potions cannot restore your health.
You are immune to rotting.


Message History

The quokka is lightly wounded.
The jackal bites you but does no damage.
The quokka twitches its whiskers.
The quokka barely misses you.
You closely miss the quokka. Your bite misses the quokka.
The quokka is lightly wounded.
* * * LOW HITPOINT WARNING * * *
You feel sick.
The jackal bites you but does no damage.
The quokka bites you. The jackal closely misses you.
The quokka bites you but does no damage.
You hit the quokka but do no damage. You bite the quokka, but do no damage.
The quokka is lightly wounded.
The jackal barely misses you. The quokka bites you.
* * * LOW HITPOINT WARNING * * *
Natasha mumbles some strange words.
You barely miss the quokka. Your bite misses the quokka.
The quokka is lightly wounded.
The jackal bites you.
You die...

# .#.# .#. #.## ..
#....#####.#
#.r@hb#.#
#....###gKh# .....
#..5######
###.#.#[#5.......#
#.......<.......
...#........#..
#.....#.#......
#<#.........#.. #
#.#.#....## #


You could see Natasha, a crimson imp (summoned), a quokka, a jackal, a goblin, a
bat and a kobold.

Vanquished Creatures
  An adder (D:2)
  An ooze (D:1)
  3 dart slugs (D:1)
  A giant cockroach (D:1)
  3 goblins (D:1)
  2 hobgoblins
  A jackal (D:2)
  A kobold (D:1)
  A bat (D:2)
  2 frilled lizards (D:1)
  3 rats (D:1)
19 creatures vanquished.

Notes
Turn   | Place    | Note
-------+----------+-------------------------------------------
     0 | D:1      | TheGoonsmith the Vine Stalker Enchanter began the quest for
                  | the Orb.
     0 | D:1      | Reached XP level 1. HP: 9/9 MP: 4/4
     9 | D:1      | Reached skill level 1 in Short Blades
    96 | D:1      | Reached XP level 2. HP: 11/13 MP: 6/6
   464 | D:1      | Reached skill level 4 in Stealth
   464 | D:1      | Reached XP level 3. HP: 16/16 MP: 7/7
   468 | D:1      | Learned a level 2 spell: Ensorcelled Hibernation
   472 | D:1      | Learned a level 3 spell: Confusing Touch
   517 | D:2      | Noticed Natasha
   536 | D:2      | Slain by a jackal

Illustrated notes

Levels and vault maps discovered:
D:1:      dpeg_arrival_rhombus, layout_rooms
D:2:      minmay_inner_zag, layout_basic, uniq_natasha, uniq_robin

Skill      XL: |  1  2 |
---------------+-------+-----
Short Blades   | 1 |  1.9
Stealth        | 4 |  4.0
Dodging        | |  1.9
Spellcasting   | |  2.1
Hexes          | |  3.3

Action                   || total
-------------------------++-------
Melee: Dagger            ||    34
       Bite              ||     7
 Stab: Sleeping          ||     9
Armor: Robe              ||    12
Dodge: Dodged            ||    34

Table legend: (Time is in decaauts)
 A = Elapsed time spent in this place.
 B = Non-inter-level travel time spent in this place.
 C = Inter-level travel time spent in this place.
 D = Time resting spent in this place.
 E = Time spent auto-exploring this place.
 F = Levels seen in this place.
 G = Mean time per level.
                   A        B        C        D        E       F      G
               +--------+--------+--------+--------+--------+-----+--------+
         Total |    532 |    491 |     41 |      0 |    366 |   2 |  266.0 |
       Dungeon |    532 |    491 |     41 |      0 |    366 |   2 |  266.0 |
               +--------+--------+--------+--------+--------+-----+--------+

Top non-repeatable levels by time:
     D:1: 514 daAuts
     D:2: 17 daAuts
